 Dungeon Crawl Stone Soup version 0.29.1-1-gd02db6906a (webtiles) character file.

Game seed: 12728596591715297589

4406 LabCoat the Cleaver (level 10, -26/88 HPs)
             Began as a Hill Orc Fighter on Sept 15, 2022.
             Was a Believer of Trog.
             Killed from afar by a deep elf pyromancer (39 damage)
             ... with a bolt of fire
             ... on level 9 of the Dungeon.
             The game lasted 00:37:17 (9082 turns).

LabCoat the Cleaver (Hill Orc Fighter)              Turns: 9082, Time: 00:37:18

Health: -26/88     AC: 15    Str: 24    XL:     10   Next: 35%
Magic:  10/10      EV:  5    Int:  8    God:    Trog [**....]
Gold:   676        SH: 11    Dex: 10    Spells: 9/9 levels left

rFire   x . .      SeeInvis .   a - +1 war axe
rCold   + . .      Faith    .   g - +2 kite shield
rNeg    . . .      Spirit   .   h - +0 plate armour
rPois   .          Reflect  .   q - +2 hat
rElec   .          Harm     .   j - +2 cloak {rCorr}
rCorr   +          Rampage  .   (no gloves)
Will    ++...                   l - +0 pair of boots
Stlth   ..........              (no amulet)
HPRegen 1.24/turn               i - ring of ice
MPRegen 0.12/turn               (no ring)

@: strong-willed (expiring), corroded, on berserk cooldown, regenerating
(expiring), slowed, very slow
A: no striking features
a: Renounce Religion, Convert to Beogh, Berserk, Trog's Hand


You were on level 9 of the Dungeon.
You worshipped Trog.
Trog was pleased with you.
You visited 2 branches of the dungeon, and saw 10 of its levels.
You also visited: Ossuary.

You collected 676 gold pieces.

Inventory:

Hand Weapons
 a - a +1 war axe (weapon)
 d - a +0 flail
 x - a +0 morningstar
Missiles
 n - 9 poisoned darts (quivered)
Armour
 g - a +2 kite shield (worn)
 h - a +0 plate armour (worn)
 j - a +2 cloak of preservation (worn)
 l - a +0 pair of boots (worn)
 q - a +2 hat (worn)
Jewellery
 i - a ring of ice (left hand)
 r - an amulet of magic regeneration
Wands
 b - a wand of acid (3)
 c - a wand of iceblast (10)
 u - a wand of flame (5)
Scrolls
 m - 2 scrolls of fog
 o - a scroll of poison
 v - a scroll of vulnerability {unknown}
 y - 2 scrolls of enchant weapon
 z - a scroll of brand weapon {unknown}
Potions
 e - 3 potions of magic
 f - a potion of brilliance
 k - 2 potions of cancellation
 t - a potion of flight {unknown}


   Skills:
 + Level 7.7 Fighting
 * Level 11.0 Axes
 + Level 5.0 Throwing
 + Level 7.1 Armour
 + Level 7.1 Shields
 + Level 4.4 Evocations


You had 9 spell levels left.
You didn't know any spells.
Your spell library contained the following spells:

 Spells                   Type           Power      Damage    Failure   Level
 Magic Dart               Conj           0%         1d3       100%        1
 Sting                    Tmut/Pois      0%         1d3       100%        1
 Call Imp                 Summ           0%         N/A       100%        2
 Poisonous Vapours        Pois/Air       0%         N/A       100%        2
 Sublimation of Blood     Necr           0%         N/A       100%        2
 Wereblood                Tmut           0%         N/A       100%        2
 Dazzling Flash           Conj/Hex       0%         N/A       100%        3
 Mephitic Cloud           Conj/Pois/Air  0%         N/A       100%        3
 Olgreb's Toxic Radiance  Pois           0%         N/A       100%        4
 Agony                    Necr           0%         N/A       100%        5
 Silence                  Hex/Air        0%         N/A       100%        5
 Summon Hydra             Summ           0%         N/A       100%        7


Dungeon Overview and Level Annotations

Branches:
Dungeon (9/15)             Temple (1/1) D:4         Ossuary (visited)
   Lair: D:8-11         Orc: D:9-12

Altars:
Ashenzari
Cheibriados
Dithmenos
Fedhas
Gozag
Hepliaklqana
Kikubaaqudgha
Makhleb
Okawaru
Qazlal
Ru
Trog
Uskayaw
Vehumet
Wu Jian
Xom
Yredelemnul
Zin
The Shining One

Shops:
D:8 [

Annotations:
D:6 3 runed translucent doors, Doot's ghost, weakling OpHW
D:8 2 runed translucent doors, Mordru1's ghost, novice DsBr


Message History

You barely miss the kobold.
You feel sick.
The kobold brigand hits you but does no damage.
The orc priest barely misses you. The kobold hits you but does no damage.
You block the orc priest's attack.
Aiming: Iceblast
Press: ? - help, Shift-Dir - straight line That beam is likely to hit you.
Continue anyway?
The mass of ice explodes!
The iceblast engulfs the deep elf pyromancer!
The deep elf pyromancer is moderately wounded.
The iceblast engulfs you. You partially resist.
* * * LOW HITPOINT WARNING * * *
The iceblast engulfs the kobold!!
You kill the kobold!
Trog accepts your kill.
The iceblast engulfs the kobold!!
You kill the kobold!
Trog accepts your kill.
The iceblast engulfs the orc priest!!
You kill the orc priest!
Trog accepts your kill.
You feel sick.
You are no longer poisoned.
The orc priest shouts, "Surrender to Beogh and we'll let you live!"
The orc priest hits you but does no damage.
The kobold brigand hits you but does no damage.
The deep elf pyromancer hits you but does no damage.
You block the kobold brigand's attack.
The deep elf pyromancer hits you with a +0 long sword.
* * * LOW HITPOINT WARNING * * *
The orc priest hits you with a +0 whip.
* * * LOW HITPOINT WARNING * * *
Your Axes skill increases to level 11!
It was a potion of curing.
You feel better. The orc priest hits you with a +0 whip.
* * * LOW HITPOINT WARNING * * *
The kobold brigand hits you but does no damage.
The deep elf pyromancer gestures at you while chanting.
The bolt of fire hits you!!! The fire burns you terribly!
You die...

.....?........#
##
..............##
.......#.......#
.......#.......#
##.....#.......#
...............#
.#....).)....#
#.##.#)####+###
# #.#K@).....#
.>#o)e.....#
####.)......#
.........#
?..........
.......)....
....##.)).)..
..... .).....
.##... ......


You could see a deep elf pyromancer, a kobold brigand and an orc priest.

Vanquished Creatures
  Pikel (D:6)
  A gargoyle (D:8)
  A wraith (D:9)
  2 steam dragons
  An acid dragon (D:9)
  2 water moccasins (D:8)
  Duvessa (D:4)
  An ice beast (D:6)
  3 orc warriors
  A sky beast (D:7)
  2 black bears
  3 ogres
  A centaur (D:8)
  Blork the orc (D:4)
  An elf zombie (Ossuary)
  2 bullfrogs (D:7)
  2 necrophages
  2 scorpions
  Dowan (D:4)
  2 howler monkeys (D:4)
  2 human zombies (Ossuary)
  Crazy Yiuf (D:3)
  2 centaur zombies (Ossuary)
  A gnoll bouda (D:6)
  2 hounds
  10 orc priests
  2 jellies
  4 iguanas
  Jessica (D:3)
  2 orc wizards (D:8)
  2 hound zombies (Ossuary)
  3 mummies (Ossuary)
  12 gnolls
  7 adders
  A shadow imp (D:7)
  3 white imps
  2 ufetubi
  4 adder zombies (Ossuary)
  5 dart slugs
  21 orcs
  11 endoplasms
  4 giant cockroaches
  A gnoll zombie (Ossuary)
  9 goblins
  7 hobgoblins
  7 jackals
  20 kobolds
  6 quokkas
  9 ball pythons
  2 bats (D:1)
  5 frilled lizards
  4 goblin zombies (Ossuary)
  3 hobgoblin zombies (Ossuary)
  4 jackal zombies (Ossuary)
  3 kobold zombies (Ossuary)
  3 orc zombies
  7 rats
  5 rat zombies (Ossuary)
228 creatures vanquished.

Notes
Turn   | Place    | Note
-------+----------+-------------------------------------------
     0 | D:1      | LabCoat the Hill Orc Fighter began the quest for the Orb.
     0 | D:1      | Reached XP level 1. HP: 19/19 MP: 1/1
    41 | D:1      | Reached skill level 3 in Axes
    62 | D:1      | Reached XP level 2. HP: 27/27 MP: 2/2
   196 | D:1      | Reached XP level 3. HP: 10/33 MP: 3/3
   444 | D:1      | Found a faded altar of an unknown god.
   791 | D:2      | Reached skill level 1 in Throwing
   845 | D:2      | Reached XP level 4. HP: 37/40 MP: 4/4
   990 | D:2      | Reached skill level 4 in Axes
  1775 | D:3      | Noticed Jessica
  1781 | D:3      | Killed Jessica
  1782 | D:3      | Reached XP level 5. HP: 46/47 MP: 5/5
  1891 | D:3      | Found a runed translucent door.
  1892 | D:3      | Noticed Crazy Yiuf
  1901 | D:3      | Killed Crazy Yiuf
  2255 | D:4      | Noticed an ogre
  2262 | D:4      | Killed an ogre
  2263 | D:4      | Reached skill level 5 in Axes
  2263 | D:4      | Reached XP level 6. HP: 24/53 MP: 6/6
  2469 | D:4      | Found a staircase to the Ecumenical Temple.
  2469 | D:4      | Noticed a black bear
  2481 | D:4      | Killed a black bear
  2482 | D:4      | Reached skill level 6 in Axes
  2494 | Temple   | Entered the Ecumenical Temple
  2494 | Temple   | Found a transporter.
  2494 | Temple   | Found a transporter.
  2496 | Temple   | Found a transporter.
  2496 | Temple   | Found a transporter.
  2518 | Temple   | Became a worshipper of Trog the Wrathful
  2689 | D:4      | Reached XP level 7. HP: 60/60 MP: 7/7
  2702 | D:4      | Noticed Duvessa
  2706 | D:4      | Noticed Dowan
  2725 | D:4      | Killed Duvessa
  2726 | D:4      | Reached skill level 5 in Fighting
  2841 | D:4      | Killed Dowan
  2876 | D:4      | Noticed Blork the orc
  2892 | D:4      | Killed Blork the orc
  3397 | D:4      | Reached skill level 7 in Axes
  3397 | D:4      | Reached skill level 5 in Armour
  3403 | D:4      | Reached skill level 5 in Shields
  3618 | D:5      | Entered Level 5 of the Dungeon
  3692 | D:5      | Found a sand-covered staircase.
  3701 | Ossuary  | Entered an ossuary
  3718 | Ossuary  | Reached XP level 8. HP: 66/69 MP: 8/8
  3721 | Ossuary  | Reached * piety under Trog
  4077 | Ossuary  | Reached skill level 1 in Evocations
  4396 | D:5      | Reached skill level 8 in Axes
  4479 | D:5      | Reached ** piety under Trog
  4987 | D:6      | You fall into a shaft and drop 1 floor!
  5151 | D:6      | Found a runed translucent gate.
  5151 | D:6      | Found a runed translucent gate.
  5151 | D:6      | Found a runed translucent gate.
  5153 | D:6      | Found an opulent altar of Gozag.
  5154 | D:6      | Noticed a five-headed hydra
  5159 | D:6      | Noticed Doot's ghost (weakling OpHW)
  5191 | D:6      | Noticed Pikel
  5211 | D:6      | Killed Pikel
  5212 | D:6      | Reached skill level 9 in Axes
  5212 | D:6      | Reached XP level 9. HP: 48/78 MP: 9/9
  7120 | D:8      | Reached skill level 10 in Axes
  7235 | D:8      | Found Eghegum's Antique Armour Shop.
  7386 | D:8      | Reached XP level 10. HP: 84/86 MP: 10/10
  7404 | D:8      | Noticed a gargoyle
  7415 | D:8      | Killed a gargoyle
  8087 | D:8      | Found a large runed translucent door.
  8087 | D:8      | Found a large runed translucent door.
  8091 | D:8      | Noticed Mordru1's ghost (novice DsBr)
  8619 | D:9      | Reached skill level 5 in Throwing
  8624 | D:9      | Noticed a deep elf pyromancer
  9081 | D:9      | HP: 3/88 [orc priest/+0 whip (3)]
  9082 | D:9      | Reached skill level 11 in Axes
  9082 | D:9      | Killed from afar by a deep elf pyromancer

Illustrated notes

Levels and vault maps discovered:
D:1:      ncdulo_watergridlock, layout_rooms, shapermc_ecumenical_altar_venn,
          st_stairs_6, minmay_pentomino_v2
D:2:      layout_basic
D:3:      layout_loops_ring, item_on_display_a, uniq_crazy_yiuf_cottage,
          uniq_jessica
D:4:      cheibrodos_pilgrimage, layout_basic, minmay_temple_entry_overgrown,
          uniq_duvessa, uniq_blork_the_orc
D:5:      layout_basic, enter_ossuary_3, grunt_ministairs_6
D:6:      layout_loops_corners, ebering_ghost_gozag, uniq_pikel
D:7:      layout_loops_corners, minmay_door_square
D:8:      layout_gridville, serial_shops, shop_statue,
          ebering_ghost_disaster_area, serial_park_tiny_2
D:9:      layout_basic, erik_orc_4, serial_shops, nicolae_diamond_shop,
          kennysheep_decorative_pillar, grunt_ministairs_1,
          corexii_hall_statues_x
Temple:   hellmonk_temple_divided_pantheon

Skill      XL: |  1  2  3  4  5  6  7  8  9 10 |
---------------+-------------------------------+-----
Axes           | 3 4 5 6 7 9 10 11 | 11.0
Fighting       | 4 5 6 7 |  7.7
Throwing       | 1 2 4 5 |  5.0
Armour         | 4 5 6 7 |  7.1
Shields        | 4 5 6 7 |  7.1
Evocations     | 2 3 4 |  4.4

Action                   |  1- 3 |  4- 6 |  7- 9 | 10-12 || total
-------------------------+-------+-------+-------+-------++-------
Melee: War axe           |    54 |    92 |   358 |    69 ||   573
Throw: Boomerang         |    68 |    87 |       |       ||   155
       Dart              |       |     7 |   106 |    15 ||   128
Invok: Berserk           |       |       |       |     1 ||     1
       Trog's Hand       |       |       |       |     1 ||     1
Evoke: Wand              |       |       |     4 |    11 ||    15
  Use: Scroll            |     5 |     4 |    10 |     2 ||    21
       Potion            |     1 |     2 |       |     3 ||     6
Armor: Scale mail        |    21 |       |       |       ||    21
       Plate armour      |       |    57 |   209 |    48 ||   314
Dodge: Dodged            |    25 |    32 |    57 |    18 ||   132
Block: Buckler           |    12 |    12 |     3 |       ||    27
       Kite shield       |       |       |   150 |    61 ||   211
